 Dungeon Crawl Stone Soup version 0.29-a0-375-g5102b3be25 (console) character file.

Game seed: 13966735370606901290

322 petzl the Vexing (level 6, 0/36 (47) HPs)
             Began as a Formicid Arcane Marksman on May 3, 2022.
             Slain by an ogre
             ... wielding a +0 giant spiked club
              (32 damage)
             ... on level 4 of the Dungeon on May 4, 2022.
             The game lasted 00:17:26 (4919 turns).

petzl the Vexing (Formicid Arcane Marksman)         Turns: 4919, Time: 00:17:26

HP:   0/36 (47)     AC:  6    Str: 15    XL:     6   Next: 76%
MP:   10/10         EV:  8    Int: 14    God:
Gold: 224           SH:  0    Dex: 11    Spells: 7/11 levels left

rFire   + . .      SeeInvis +   a - +0 hand crossbow (flame)
rCold   . . .      Faith    .   (no shield)
rNeg    . . .      Spirit   .   l - +0 ring mail
rPois   .          Reflect  .   (helmet unavailable)
rElec   .          Harm     .   (no cloak)
rCorr   .          Rampage  .   t - +0 pair of gloves
Will    .....                   (no boots)
Stlth   +.........              (no amulet)
HPRegen 0.12/turn               p - ring of protection from fire
MPRegen 0.12/turn               (no ring)

@: constricted, heavily drained
A: permanent stasis, dig shafts and tunnels, antennae 3, four strong arms
a: Dig, Shaft Self


You were on level 4 of the Dungeon.
You visited 1 branch of the dungeon, and saw 8 of its levels.

You collected 224 gold pieces.

Inventory:

Hand Weapons
 a - a +0 hand crossbow of flaming (weapon)
 b - a +2 dagger of draining {!f =f}
 n - a +0 lajatang
 r - a +1 short sword of protection
 x - a +1 vorpal hand axe {!f =f}
Missiles
 m - 2 curare-tipped darts {!*}
 s - 3 poisoned darts
 y - 2 throwing nets
Armour
 l - a +0 ring mail (worn)
 t - a +0 pair of gloves (worn)
Magical Staves
 v - a staff of fire
Jewellery
 p - a ring of protection from fire (left hand)
Scrolls
 c - a scroll of vulnerability
 e - a scroll of amnesia {unknown}
 g - a scroll of poison
 q - 2 scrolls of teleportation {unknown}
Potions
 d - 2 potions of resistance {unknown}
 f - 2 potions of haste {unknown}
 h - a potion of curing
 i - 2 potions of heal wounds
 j - a potion of attraction {unknown}
 k - a potion of cancellation {unknown}
 o - a potion of berserk rage {unknown}
 u - 2 potions of mutation {unknown}
 w - a potion of magic {unknown}


   Skills:
 + Level 3.4 Fighting
 - Level 2.6 Crossbows
 - Level 1.4 Armour
 - Level 2.3 Dodging
 - Level 2.0 Stealth
 + Level 3.3 Spellcasting
 + Level 2.1 Conjurations
 - Level 3.6 Hexes


You had 7 spell levels left.
You knew the following spells:

 Your Spells              Type           Power      Damage    Failure   Level
a - Slow                  Hex            48%        N/A       9%          1
b - Dazzling Flash        Conj/Hex       20%        N/A       36%         3

Your spell library contained the following spells:

 Spells                   Type           Power      Damage    Failure   Level
 Inner Flame              Hex/Fire       7%         N/A       50%         3
 Portal Projectile        Hex/Tloc       14%        N/A       50%         3
 Cause Fear               Hex            6%         N/A       65%         4
 Silence                  Hex/Air        3%         N/A       99%         5
 Agony                    Necr           2%         N/A       100%        5


Dungeon Overview and Level Annotations

Branches:
Dungeon (8/15)
 Temple: D:4-7         Lair: D:8-11

Altars:

Shops:
D:2 [

Annotations:
D:3 Menkaure
D:5 exclusion: upstairs


Innate Abilities, Weirdness & Mutations

You cannot be hasted, slowed, berserked, paralysed or teleported.
You can dig through walls and to a lower floor.
You have a pair of large antennae on your head. (SInv)
Your four strong arms can wield two-handed weapons with a shield.


Message History

You hit the iguana. You drain the iguana.
You kill the iguana!
There is a stone staircase leading down here.
You start resting.
HP restored.
You climb downwards.
Level annotation: Menkaure
There is a stone staircase leading up here.
Your +0 hand crossbow of flaming bursts into flame!
a - a +0 hand crossbow of flaming (weapon)
Things that are here:
3 stones; a +0 whip; a kobold corpse
There is a stone staircase leading up here.
Things that are here:
a stone; a +0 short sword Done exploring.
Done exploring.
Done exploring.
Done exploring.
Done exploring.
Done exploring.
Done exploring.
Done exploring.
Search for what [? for help]? .
(D) Dungeon
Where to? (Enter - D:2 @ (x,y), ? - help)
There is a stone staircase leading down here.
You climb downwards.
The ball python misses you. The ball python barely misses you.
The ogre hits you with a +0 giant spiked club.
The ball python barely misses you. x2
There is a stone staircase leading up, spattered with blood here.
The ball python barely misses you. The ball python grabs you.
You stop ascending the stairs.
The ball python constricts you. The ogre barely misses you.
Unknown command.
You escape the ball python's grasp.
The ball python bites you but does no damage.
The ball python grabs you.
You stop ascending the stairs.
The ball python constricts you.
The ogre hits you with a +0 giant spiked club!!
Ouch! That really hurt!
You die...

........ .##### ##### ##.
......####.#.## ###..#
........#.#.#.###.!..$.#
#.........####...........
#..........# ##...........
#..........# #.......>....
#..........# #............
#.........O# #............
#..........###............
#...........##....S.......
#.................@......#
#................O......##
#......>..............###
#...................###
#...................#
##..................#
#...................
#....................
..###.!........ ##
######..... .. ## . #.###
.# ....# .##.....


You could see an ogre and a ball python.

Vanquished Creatures
  A centaur (D:7)
  A kobold brigand (D:6)
  A hound (D:5)
  An iguana (D:2)
  2 adders
  A white imp (D:5)
  A worm (D:2)
  2 dart slugs (D:1)
  3 orcs
  8 bats
  3 endoplasms
  3 giant cockroaches (D:1)
  9 goblins
  11 hobgoblins
  2 jackals (D:1)
  4 quokkas
  8 ball pythons
  7 frilled lizards
  11 kobolds
  3 rats
  A spectral kobold (D:2)
83 creatures vanquished.

Vanquished Creatures (others)
  2 plants (D:2)
2 creatures vanquished.

Grand Total: 85 creatures vanquished

Notes
Turn   | Place    | Note
-------+----------+-------------------------------------------
     0 | D:1      | petzl the Formicid Arcane Marksman began the quest for the
                  | Orb.
     0 | D:1      | Reached XP level 1. HP: 15/15 MP: 2/2
    76 | D:1      | Reached XP level 2. HP: 19/21 MP: 3/3
   410 | D:1      | Reached skill level 1 in Stealth
   455 | D:1      | Reached XP level 3. HP: 23/26 MP: 5/5
   845 | D:1      | Reached skill level 1 in Armour
  1264 | D:2      | Reached XP level 4. HP: 20/33 MP: 6/6
  1747 | D:2      | Found Ryecib's Antique Armour Boutique.
  1913 | D:2      | Found a faded altar of an unknown god.
  2983 | D:4      | Noticed a necrophage
  3007 | D:4      | Noticed an ogre
  3039 | D:4      | Noticed Menkaure
  3039 | D:4      | Noticed a centaur
  3045 | D:3      | You fall into a shaft and drop 3 floors!
  3053 | D:5      | Entered Level 5 of the Dungeon
  3056 | D:5      | You fall into a shaft and drop 3 floors!
  3227 | D:7      | Noticed a kobold brigand
  3249 | D:8      | Noticed a centaur
  3333 | D:7      | Noticed a centaur
  3359 | D:7      | Learned a level 3 spell: Dazzling Flash
  3369 | D:7      | Killed a centaur
  3370 | D:7      | Reached skill level 1 in Conjurations
  3370 | D:7      | Reached XP level 5. HP: 8/39 MP: 8/8
  3810 | D:6      | Noticed a kobold brigand
  3852 | D:6      | Killed a kobold brigand
  3853 | D:6      | Reached XP level 6. HP: 20/47 MP: 8/10
  4287 | D:4      | Noticed a black bear
  4919 | D:4      | Slain by an ogre

Illustrated notes

Levels and vault maps discovered:
D:1:      lemuel_arrival_tunnels, layout_basic, minmay_octomino_e4
D:2:      layout_loops_ring, dreamdust_ecumenical_altar_drowned_temple,
          serial_shops, nicolae_shop_crystal, corexii_shack,
          grunt_decor_mini_mirrors, serial_bayou_pond_d, kennysheep_crisscross
D:3:      layout_rooms, serial_corexii_hall, chequers_hall_statues_wall_a,
          chequers_hall_statues_wall_a
D:4:      layout_cave_pods, uniq_menkaure, uniq_sigmund
D:5:      layout_loops_ring, minmay_temple_entry_wispy, ebering_ghost_sewer_d,
          serial_shops, kennysheep_mini_moat
D:6:      layout_loops_cross, grunt_decor_fettered, uniq_pikel
D:7:      layout_rooms, serial_shops, shop, chequers_serial_rivers_small_b,
          minivault_22
D:8:      layout_basic, kennysheep_mini, uniq_maggie

Skill      XL: |  1  2  3  4  5  6 |
---------------+-------------------+-----
Dodging        | 2 |  2.3
Stealth        | 1 2 |  2.0
Armour         | 1 |  1.4
Spellcasting   | 2 3 |  3.3
Fighting       | 2 3 |  3.4
Conjurations   | 1 2 |  2.1
Crossbows      | |  2.6
Hexes          | |  3.6

Action                   |  1- 3 |  4- 6 || total
-------------------------+-------+-------++-------
Melee: Dagger            |    18 |    53 ||    71
       Short sword       |       |    45 ||    45
       Punch             |       |     1 ||     1
 Fire: Hand crossbow     |    92 |    97 ||   189
Throw: Dart              |       |     5 ||     5
 Cast: Slow              |       |    11 ||    11
 Abil: Shaft Self        |       |     2 ||     2
       Dig               |       |     2 ||     2
  Use: Scroll            |       |     3 ||     3
       Potion            |       |     3 ||     3
 Stab: Sleeping          |     1 |       ||     1
Armor: Robe              |    15 |       ||    15
       Ring mail         |     1 |    61 ||    62
Dodge: Dodged            |    41 |   123 ||   164

Table legend: (Time is in decaauts)
 A = Elapsed time spent in this place.
 B = Non-inter-level travel time spent in this place.
 C = Inter-level travel time spent in this place.
 D = Time resting spent in this place.
 E = Time spent auto-exploring this place.
 F = Levels seen in this place.
 G = Mean time per level.
                   A        B        C        D        E       F      G
               +--------+--------+--------+--------+--------+-----+--------+
         Total |   5016 |   4619 |    397 |   1791 |   1726 |   8 |  627.0 |
       Dungeon |   5016 |   4619 |    397 |   1791 |   1726 |   8 |  627.0 |
               +--------+--------+--------+--------+--------+-----+--------+

Top non-repeatable levels by time:
     D:2: 1772 daAuts
     D:1: 1268 daAuts
     D:3: 582 daAuts
     D:7: 562 daAuts
     D:5: 304 daAuts
     D:6: 293 daAuts
     D:8: 189 daAuts
     D:4: 43 daAuts
